 Dungeon Crawl Stone Soup version 0.26.1-10-gdfb7c7de75 (webtiles) character file.

Game seed: 13559249131494143532

1271 Almogavar the Slinger (level 8, -5/55 HPs)
             Began as a Halfling Hunter on Apr 6, 2021.
             Slain by an ice beast (11 damage)
             ... on level 5 of the Dungeon.
             The game lasted 00:15:38 (5996 turns).

Almogavar the Slinger (Halfling Hunter)             Turns: 5996, Time: 00:15:40

Health: -5/55      AC:  6    Str: 14    XL:     8   Next: 83%
Magic:  8/8        EV: 15    Int:  9    God:
Gold:   273        SH:  0    Dex: 16    Spells: 7/7 levels left

rFire    . . .     SeeInvis .   A - +0 dagger (venom)
rCold    . . .     Faith    .   (shield restricted)
rNeg     . . .     Spirit   .   c - +0 leather armour
rPois    .         Reflect  .   m - +1 hat
rElec    .         Harm     .   t - +0 cloak
rCorr    .         Rampage  .   (no gloves)
Will     .....                  n - +0 pair of boots
Stlth    ++........             (no amulet)
HPRegen  0.18/turn              (no ring)
MPRegen  0.11/turn              (no ring)

@: no status effects
A: small, mutation resistance 1
a: no special abilities


You were on level 5 of the Dungeon.
You visited 1 branch of the dungeon, and saw 5 of its levels.
You also visited: Sewer.

You collected 273 gold pieces.

Inventory:

Hand Weapons
 a - a +1 hunting sling
 b - a +0 short sword
 A - a +0 dagger of venom (weapon)
Missiles
 d - 83 sling bullets
 g - 196 stones (quivered)
Armour
 c - a +0 leather armour (worn)
 m - a +1 hat (worn)
 n - a +0 pair of boots (worn)
 t - a +0 cloak (worn)
Wands
 z - a wand of digging (6)
Scrolls
 i - 5 scrolls of teleportation {unknown}
 k - 3 scrolls of remove curse
 l - 4 scrolls of fog
 p - a scroll of enchant armour {unknown}
 s - a scroll of enchant weapon {unknown}
 u - a scroll of noise {unknown}
 w - a scroll of random uselessness {unknown}
 x - 2 scrolls of amnesia {unknown}
 y - 4 scrolls of magic mapping
Potions
 e - 2 potions of flight
 f - a potion of lignification {unknown}
 h - 5 potions of heal wounds
 j - 9 potions of curing {unknown}
 o - 4 potions of might
 q - a potion of magic {unknown}
 r - a potion of mutation {unknown}
 v - a potion of attraction {unknown}


   Skills:
 + Level 5.0 Fighting
 * Level 1.7 Short Blades
 - Level 12.1 Slings
 + Level 2.3 Armour
 + Level 2.9 Dodging
 + Level 1.9 Stealth


You had 7 spell levels left.
You didn't know any spells.
Your spell library was empty.

Dungeon Overview and Level Annotations

Branches:
Dungeon (5/15)              Sewer (visited)
 Temple: D:4-7

Altars:
Cheibriados
Dithmenos
Kikubaaqudgha
Ru
Sif Muna
Yredelemnul

Annotations:
D:3 2 transporters, Almogavar's ghost, amateur DrFi
D:5 Prince Ribbit


Innate Abilities, Weirdness & Mutations

You are small and have problems with some larger weapons.
You are somewhat resistant to further mutation.


Message History

The iguana is moderately wounded.
The iguana completely misses you.
The ice beast hits you but does no damage.
You hit the iguana but do no damage.
The iguana is moderately wounded.
The iguana completely misses you.
You hit the iguana.
The iguana looks as sick as possible!
The iguana is heavily wounded.
The ice beast hits you but does no damage.
The iguana bites you but does no damage.
You barely miss the iguana.
The iguana is heavily wounded.
The ice beast barely misses you. The iguana misses you.
You closely miss the iguana.
The iguana is almost dead.
You kill the iguana!
The ice beast hits you.
* * * LOW HITPOINT WARNING * * *
The ice beast freezes you!
You die...

..##....## ##.....##.#.....,,...(
..#......###.......#......###.#..
###..............................
.÷..#.....)......................
....#.###.......#...##...........
.......#......###...##......((#,,
...........#..# ##..#......####**
...........######†.........#
........##....##@Y.........#
....8.8.#8....####....#.8..#
..##..........# #.####....#
..#...8......8# ### ######
..............# .##.8.8..8....#
.##.....####### .###......##
..#...#..#.##


You could see an ice beast (very poisoned).

Vanquished Creatures
  Menkaure (D:5)
  An ogre (D:4)
  A centaur (D:5)
  2 big kobolds (Sewer)
  2 scorpions
  A bullfrog zombie (D:4)
  2 hounds (D:4)
  An orc priest (D:3)
  2 centaur skeletons
  5 orc wizards
  An iguana (D:5)
  2 worker ants
  2 hound skeletons (D:4)
  A howler monkey zombie (D:4)
  3 worker ant zombies (D:4)
  4 gnolls (D:4)
  10 adders
  A shadow imp (D:5)
  2 oozes (Sewer)
  2 adder skeletons (D:4)
  2 worms (D:2)
  2 leopard geckos
  22 orcs
  7 giant cockroaches
  16 goblins
  10 hobgoblins
  2 quokkas
  3 ball pythons
  A ball python skeleton (D:4)
  A ball python zombie (D:4)
  14 bats
  6 frilled lizards
  A giant cockroach zombie (D:5)
  20 kobolds
  2 quokka skeletons
  11 rats
  A spectral orc (D:4)
167 creatures vanquished.

Notes
Turn   | Place    | Note
-------+----------+-------------------------------------------
     0 | D:1      | Almogavar the Halfling Hunter began the quest for the Orb.
     0 | D:1      | Reached XP level 1. HP: 14/14 MP: 1/1
    15 | D:1      | Reached skill level 6 in Slings
    65 | D:1      | Reached XP level 2. HP: 19/19 MP: 2/2
   407 | D:1      | Reached XP level 3. HP: 13/24 MP: 3/3
  1350 | D:2      | Reached XP level 4. HP: 20/29 MP: 4/4
  1487 | D:2      | Reached skill level 1 in Armour
  1536 | D:2      | Reached skill level 7 in Slings
  1726 | D:2      | Reached skill level 1 in Short Blades
  1830 | D:2      | Found a sacrificial altar of Ru.
  2264 | D:3      | Reached XP level 5. HP: 28/35 MP: 5/5
  2558 | D:3      | Found a transporter.
  2560 | D:3      | Noticed Almogavar's ghost (amateur DrFi)
  2579 | D:3      | Reached skill level 8 in Slings
  2595 | D:3      | Found a transporter.
  2597 | D:3      | Found a shadowy altar of Dithmenos.
  2978 | D:3      | Reached XP level 6. HP: 27/41 MP: 6/6
  3370 | D:4      | Reached skill level 9 in Slings
  3818 | D:4      | Reached XP level 7. HP: 39/46 MP: 7/7
  4047 | D:4      | Found a snail-covered altar of Cheibriados.
  4063 | D:4      | Found a basalt altar of Yredelemnul.
  4126 | D:4      | Reached skill level 10 in Slings
  4683 | D:5      | Entered Level 5 of the Dungeon
  4683 | D:5      | Noticed Menkaure
  4692 | D:5      | Killed Menkaure
  4693 | D:5      | Reached skill level 11 in Slings
  4693 | D:5      | Reached XP level 8. HP: 47/54 MP: 8/8
  4845 | D:5      | Found a glowing drain.
  4880 | Sewer    | Entered a sewer
  5254 | D:5      | Found a shimmering blue altar of Sif Muna.
  5288 | D:5      | Reached skill level 12 in Slings
  5568 | D:5      | Noticed Prince Ribbit
  5797 | D:5      | Found an ancient bone altar of Kikubaaqudgha.
  5896 | D:5      | Reached skill level 5 in Fighting
  5996 | D:5      | Slain by an ice beast

Illustrated notes

Levels and vault maps discovered:
D:1:      saegor_arrival_simple_a, layout_loops_ring, minivault_24,
          minmay_3d_cube
D:2:      layout_loops_corners, nicolae_overflow_crystal_walls,
          minmay_pentomino_p4
D:3:      layout_basic, grunt_dithmenos_smoke, gammafunk_ghost_stat_death
D:4:      layout_loops_ring, general_overflow_altar,
          yredelemnul_forgotten_temple_becter, serial_undead, serial_undead_f,
          serial_undead_b, serial_undead_b, serial_undead_d
D:5:      layout_cave_pools, kennysheep_little_box, led_sif_pool,
          serial_column_ruins, column_ruins_temple_hall,
          column_ruins_square_small, column_ruins_open_medium,
          column_ruins_columns_dead_end, column_ruins_columns_corner,
          column_ruins_corridor_straight, column_ruins_grid_1,
          column_ruins_grid_2, gup_sewer_entry_glass, minmay_misc_feat_pillars,
          uniq_menkaure, uniq_prince_ribbit1

Skill      XL: |  1  2  3  4  5  6  7  8 |
---------------+-------------------------+-----
Slings         | 6 7 8 9 11 12 | 12.1
Fighting       | 2 3 5 |  5.0
Armour         | 1 2 |  2.3
Short Blades   | 1 |  1.7
Dodging        | |  2.9
Stealth        | |  1.9

Action                   |  1- 3 |  4- 6 |  7- 9 || total
-------------------------+-------+-------+-------++-------
Melee: Short sword       |    78 |     7 |     2 ||    87
       Dagger            |       |       |    19 ||    19
 Fire: Hunting sling     |    45 |   222 |   343 ||   610
  Use: Scroll            |     1 |     3 |     4 ||     8
 Stab: Sleeping          |     1 |       |       ||     1
Armor: Leather armour    |    17 |    13 |    33 ||    63
Dodge: Dodged            |    78 |    52 |    97 ||   227
